 Dungeon Crawl Stone Soup version 0.18.1-1-g2f07953 (webtiles) character file.

84 Eucla the Sneak (level 4, -9/29 HPs)
             Began as an Octopode Assassin on May 7, 2016.
             Killed by divine providence
             ... invoked by an orc priest
              (11 damage)
             ... on level 2 of the Dungeon.
             The game lasted 00:02:49 (1884 turns).

Eucla the Sneak (Octopode Assassin)                 Turns: 1884, Time: 00:02:49

Health: -9/29      AC:  1    Str: 10    XL:     4   Next: 46%
Magic:  4/4        EV: 12    Int: 13    God:
Gold:   72         SH:  0    Dex: 14    Spells: 0 memorised, 3 levels left

rFire  . . .     SeeInvis .     b - +0 blowgun
rCold  . . .     Gourm    .     (no shield)
rNeg   . . .     Faith    .     (helmet restricted)
rPois  .         Spirit   .     (no amulet)
rElec  .         Dismiss  .     (no ring)
rCorr  .         Reflect  .     (no ring)
SustAt .         Harm     .     (no ring)
MR     .....                    (no ring)
Stlth  +++++.....               (no ring)
                                (no ring)
                                (no ring)
                                (no ring)

@: not resistant to hostile enchantments, quite stealthy
A: almost no armour, amphibious, 8 rings, constrict 8, camouflage 1, gelatinous
body 1
a: no special abilities


You were on level 2 of the Dungeon.
You were not hungry.

You visited 1 branch of the dungeon, and saw 3 of its levels.

You collected 72 gold pieces.

Inventory:

Hand Weapons
 a - a +2 dagger
 b - a +0 blowgun (weapon)
Missiles
 c - 8 poisoned needles (quivered)
Scrolls
 e - 2 scrolls of blinking {unknown}
 j - 2 scrolls of identify {unknown}
Potions
 h - 2 potions of invisibility {unknown}
 i - 2 potions of brilliance {unknown}
 k - a potion of agility {unknown}
 l - a potion of curing {unknown}
 n - 2 potions of degeneration {unknown}
Books
 m - a book of the Sky

   Spells                             Type                      Level
   a - Summon Lightning Spire         Summoning/Air                4
   b - Airstrike                      Air                          4
   c - Silence                        Hexes/Air                    5
   d - Deflect Missiles               Charms/Air                   6
   e - Conjure Ball Lightning         Conjuration/Air              6
   f - Tornado                        Air                          9
Comestibles
 g - 4 meat rations


   Skills:
 - Level 2.0 Fighting
 + Level 3.0 Short Blades
 - Level 2.0 Throwing
 - Level 1.0 Dodging
 * Level 7.3 Stealth


You had 3 spell levels left.
You didn't know any spells.

Dungeon Overview and Level Annotations

Branches:
Dungeon (3/15)

Altars:
Gozag

Annotations:
D:3 Natasha


Innate Abilities, Weirdness & Mutations

You cannot wear most types of armour.
You are amphibious.
You can wear up to eight rings at the same time.
You can use your tentacles to constrict eight enemies at once.
Your skin changes colour to match your surroundings (Stealth).
Your rubbery body absorbs attacks (AC +1).


Message History

Press: ? - help, Shift-Dir - straight line, f - orc priest
Aim: an orc priest, wearing a ring mail You shoot a curare-tipped needle.
The curare-tipped needle hits the orc priest.
The orc priest is poisoned.
The orc priest convulses.
The orc priest seems to slow down.
The orc priest is heavily wounded.
The orc hits you.
* * * LOW HITPOINT WARNING * * *
Unknown command.
Firing (i - inventory. (,) - cycle):
d - a curare-tipped needle (quivered)
Press: ? - help, Shift-Dir - straight line, f/p - orc priest
Aim: an orc priest, wearing a ring mail (almost dead, slow, poisoned)
You shoot a curare-tipped needle. The curare-tipped needle hits the orc.
The orc is poisoned.
The orc convulses.
You kill the orc!
Unknown command.
The orc priest mumbles some strange prayers to Beogh against you.
Beogh smites you!
You die...

### #.# ########.#
########### .........#
#.........# .#######.#
##.#######.# .# #.#
#.@#.....#.# .# #.#
#........#.# .# #.#
#.(#.#####.# .# #.#
#..#.# #.# ########.##
#o.#.# #.#
.#........#####..#.###
#.#
...........>..(......#
#.#
.#.#####.###.##.####.#
#.# .#.........#.##.#
#.# #.#


You could see an orc priest.

Vanquished Creatures
  Natasha (D:2)
  A worker ant (D:3)
  2 oozes
  A giant gecko (D:2)
  3 orcs
  2 giant cockroaches (D:1)
  2 hobgoblins
  4 jackals (D:2)
  2 bats
  A giant newt (D:1)
  2 goblins (D:1)
  2 kobolds
  3 rats
26 creatures vanquished.

Notes
Turn   | Place    | Note
--------------------------------------------------------------
     0 | D:1      | Eucla the Octopode Assassin began the quest for the Orb.
     0 | D:1      | Reached XP level 1. HP: 14/14 MP: 1/1
   454 | D:1      | Reached XP level 2. HP: 16/19 MP: 2/2
   790 | D:2      | Found an opulent altar of Gozag.
   817 | D:2      | Reached skill level 6 in Stealth
   846 | D:2      | Noticed Natasha
   849 | D:2      | Killed Natasha
   849 | D:2      | Reached XP level 3. HP: 24/24 MP: 3/3
  1494 | D:3      | Noticed Natasha
  1502 | D:3      | Reached skill level 7 in Stealth
  1502 | D:3      | Reached XP level 4. HP: 17/29 MP: 4/4
  1884 | D:2      | Killed from afar by an orc priest

Skill      XL: |  1  2  3  4 |
---------------+-------------+-----
Stealth        | 6 7 |  7.3
Short Blades   | 3 |  3.0
Fighting       | |  2.0
Throwing       | |  2.0
Dodging        | |  1.0

Action                   |  1- 3 |  4- 6 || total
-------------------------+-------+-------++-------
Melee: Dagger            |    39 |     3 ||    42
       Constrict         |    10 |     1 ||    11
       Tentacles         |     6 |       ||     6
 Fire: Blowgun           |       |     2 ||     2
 Stab: Sleeping          |    12 |     2 ||    14
  Eat: Bread ration      |     1 |       ||     1
Armor: Skin              |     1 |       ||     1
Dodge: Dodged            |    12 |     1 ||    13
